 Dungeon Crawl Stone Soup version 0.28-a0-655-g4eb62b627b (webtiles) character file.

Game seed: 6579791307267715980

304601 kipponium the Warrior (level 20, -1/170 HPs)
             Began as a Demonspawn Cinder Acolyte on Oct 9, 2021.
             Was the Champion of Ru.
             Slain by a +2 halberd of venom (3 damage)
             ... on level 1 of the Elven Halls on Oct 12, 2021.
             The game lasted 05:02:00 (65819 turns).

kipponium the Warrior (Demonspawn Cinder Acolyte)  Turns: 65819, Time: 05:02:01

Health: -1/170     AC: 20    Str: 20    XL:     20   Next: 26%
Magic:  34/34      EV: 26    Int: 18    God:    Ru [******]
Gold:   3192       SH:  4    Dex: 17    Spells: 15/39 levels left

rFire   + . .      SeeInvis +   b - +9 quick blade (freeze)
rCold   + + .      Faith    .   (no shield)
rNeg    + . .      Spirit   .   P - +4 skin of Zhor {*Englaciate rC+++ SInv}
rPois   .          Reflect  .   j - +2 hat {Will+}
rElec   .          Harm     .   D - scarf {repulsion}
rCorr   .          Rampage  ∞   (gloves unavailable)
Will    +++..                   N - +3 pair of seven-league boots {Rampage+∞}
Stlth   ..........              C - amulet of regeneration
HPRegen 1.38/turn               M - ring of positive energy
MPRegen 0.24/turn               y - ring "Guxyhemi" {rF+ rC- Dex+7}

@: agile, lethally poisoned (-1 -> -12), repel missiles
A: icemail 2, powered by pain 3, inability to read while threatened, no stealth,
inability to use devices, hated by all, inability to train armour, sturdy frame
2, condensation shield, demonic willpower, demonic touch 3, clumsy 1, strong 1
}: 2/15 runes: decaying, gossamer
a: Renounce Religion, Draw Out Power, Power Leap, Apocalypse


You were on level 1 of the Elven Halls.
You worshipped Ru.
Ru was exalted by your worship.
You visited 8 branches of the dungeon, and saw 37 of its levels.
You also visited: Ossuary, Bailey, Gauntlet and Ice Cave.

You collected 5805 gold pieces.
You spent 2613 gold pieces at shops.

Inventory:

Hand Weapons
 b - a +9 quick blade of freezing (weapon)
Missiles
 g - a throwing net
 l - 135 poisoned darts (quivered)
 s - 7 silver javelins
Armour
 j - a +2 hat of willpower (worn)
 t - +0 swamp dragon scales
 D - a scarf of repulsion (worn)
 N - the +3 pair of seven-league boots (worn) {Rampage+∞}
   (You found it on level 14 of the Dungeon)

   Its wearer moves as far as possible in that direction when moving towards
   enemies.
 P - the +4 skin of Zhor (worn) {*Englaciate rC+++ SInv}
   (You found it on level 3 of the Lair of Beasts)

   It radiates cold, occasionally slowing all nearby creatures who are not
   resistant to cold.
   rC:        It renders you almost immune to cold.
   SInv:      It lets you see invisible.
Jewellery
 a - a ring of see invisible
 d - a ring of poison resistance
 n - the amulet "Lieceut" {RegenMP +Inv Int+3 Slay-2}
   (You found it in an ice cave)

   [amulet of magic regeneration]

   It increases your rate of magic regeneration.
   Int:       It affects your intelligence (+3).
   Slay:      It affects your accuracy & damage with ranged weapons and melee
   (-2).
   +Inv:      It lets you turn invisible.
 p - the amulet "Fexauning" {Acrobat rElec Str+3 Stlth+}
   (You took it off a minotaur in a Gauntlet)

   [amulet of the acrobat]

   It increases your evasion while moving and waiting.
   Str:       It affects your strength (+3).
   rElec:     It insulates you from electricity.
   Stlth:     It makes you more stealthy.
 y - the ring "Guxyhemi" (right hand) {rF+ rC- Dex+7}
   (You found it on level 4 of the Spider Nest)

   [ring of protection from fire]

   Dex:       It affects your dexterity (+7).
   rF:        It protects you from fire.
   rC:        It makes you vulnerable to cold.
 z - a ring of flight
 C - an amulet of regeneration (around neck)
 I - an amulet of reflection
 J - the ring "Coerun" {rF+ rC+ Will+}
   (You found it in an ice cave)

   [ring of protection from cold]

   rF:        It protects you from fire.
   rC:        It protects you from cold.
   Will:      It increases your willpower.
 M - a ring of positive energy (left hand)
 Q - the ring of Sin {rElec rC+ rCorr}
   (You bought it in a shop on level 2 of the Vaults)

   [ring of protection from cold]

   rC:        It protects you from cold.
   rElec:     It insulates you from electricity.
   rCorr:     It protects you from acid and corrosion.
 R - a +4 ring of protection
Scrolls
 e - 6 scrolls of enchant weapon
 f - 3 scrolls of fear
 m - 4 scrolls of magic mapping
 o - 4 scrolls of fog
 u - 6 scrolls of blinking
 v - 16 scrolls of identify
 w - a scroll of silence
 B - 7 scrolls of enchant armour
 F - 14 scrolls of teleportation
 G - 4 scrolls of amnesia
 H - 7 scrolls of vulnerability
Potions
 c - 7 potions of flight
 h - 2 potions of magic
 i - 3 potions of might
 k - 5 potions of resistance
 q - 7 potions of curing
 r - 2 potions of heal wounds
 x - a potion of invisibility
 A - 9 potions of ambrosia
 E - 2 potions of berserk rage
 K - 4 potions of cancellation
 L - 7 potions of brilliance
 O - 2 potions of haste


   Skills:
 + Level 17.9 Fighting
 - Level 7.7(8.0) Short Blades
 - Level 2.6(5.6) Long Blades
 - Level 0.3 Bows
 - Level 0.1 Throwing
 + Level 14.6 Dodging
 - Level 4.0 Shields
 - Level 11.0 Unarmed Combat
 - Level 10.0 Spellcasting
 - Level 5.0 Conjurations
 - Level 5.0 Hexes
 - Level 0.1 Necromancy
 - Level 5.0 Translocations
 - Level 10.0 Transmutations
 + Level 15.0 Fire Magic
 - Level 0.1 Ice Magic
 - Level 15.1 Poison Magic
 - Level 0.6 Invocations


You had 15 spell levels left.
You knew the following spells:

 Your Spells              Type           Power      Damage    Failure   Level
a - Scorch                Fire           100%       2d10      1%          2
b - Sticky Flame          Conj/Fire      45%        2d6       1%          4
c - Confusing Touch       Hex            27%        N/A       3%          3
d - Olgreb's Toxic Radia  Pois           59%        N/A       1%          4
e - Ignite Poison         Fire/Tmut/Pois 55%        N/A       1%          3
f - Blink                 Tloc           N/A        N/A       1%          2
g - Eringya's Noxious Bo  Tmut/Pois      26%        N/A       7%          6

Your spell library contained the following spells:

 Spells                   Type           Power      Damage    Failure   Level
 Apportation              Tloc           54%        N/A       1%          1
 Slow                     Hex            27%        N/A       1%          2
 Conjure Flame            Conj/Fire      45%        6-21      1%          3
 Alistair's Intoxication  Tmut/Pois      35%        N/A       1%          5
 Gell's Gravitas          Tloc           13%        N/A       3%          3
 Lesser Beckoning         Tloc           27%        N/A       3%          3
 Teleport Other           Tloc           27%        N/A       3%          3
 Static Discharge         Conj/Air       18%        N/A       4%          2
 Cause Fear               Hex            13%        N/A       10%         4
 Ice Form                 Ice/Tmut       27%        N/A       10%         4
 Passage of Golubria      Tloc           N/A        N/A       10%         4
 Yara's Violent Unravell  Hex/Tmut       18%        3d9       10%         5
 Corpse Rot               Necr/Air       N/A        N/A       12%         2
 Frozen Ramparts          Ice            18%        1d3       22%         3
 Leda's Liquefaction      Hex/Erth       9%         N/A       28%         4
 Manifold Assault         Tloc           27%        N/A       28%         5
 Dispel Undead            Necr           9%         3d8       58%         4
 Lightning Bolt           Conj/Air       9%         1d21      61%         5
 Dragon Form              Tmut           22%        N/A       73%         7
 Ignition                 Fire           29%        3d9       73%         8
 Dispersal                Tloc           13%        N/A       83%         6
 Invisibility             Hex            13%        N/A       83%         6
 Ozocubu's Refrigeration  Ice            4%         4d5       100%        7
 Discord                  Hex            13%        N/A       100%        8
 Maxwell's Capacitive Co  Air            4%         ∞         100%        8
 Tukima's Dance           Hex            Unusable   N/A       N/A         3
 Summon Ice Beast         Ice/Summ       Unusable   N/A       N/A         4
 Summon Mana Viper        Hex/Summ       Unusable   N/A       N/A         5
 Death Channel            Necr           Unusable   N/A       N/A         6
 Monstrous Menagerie      Summ           Unusable   N/A       N/A         7
 Dragon's Call            Summ           Unusable   N/A       N/A         9

Dungeon Overview and Level Annotations

Branches:
Dungeon (15/15)            Temple (1/1) D:4            Lair (6/6) D:9
  Swamp (4/4) Lair:3       Spider (4/4) Lair:2        Slime (0/5) Lair:5
    Orc (2/2) D:10            Elf (1/3) Orc:2        Vaults (4/5) D:14
  Crypt (0/3) Vaults:2     Depths (0/4) D:15        Ossuary (visited)
 Bailey (visited)           IceCv (visited)         Gauntlet (visited)

Altars:
Ashenzari
Cheibriados
Dithmenos
Elyvilon
Fedhas
Gozag
Hepliaklqana
Kikubaaqudgha
Makhleb
Nemelex Xobeh
Okawaru
Qazlal
Ru
Sif Muna
Trog
Uskayaw
Vehumet
Wu Jian
Xom
Yredelemnul
Zin
The Shining One
Beogh
Jiyva
Lugonu

Shops:
D:4 *!**?   D:5 **?:   Orc:1 (*   Orc:2 *[:!   Elf:1 (*([   Vaults:1 :
Vaults:2 ==(   Vaults:4 !

Portals:
Abyss: Lair:6

Annotations:
D:5 3 runed translucent doors, Drakonairon's ghost, amateur DsGl
Lair:2 2 transporters, Ythih's ghost, journeyman DECj
Spider:3 3 runed translucent doors, Buesefypo's ghost, adept VSAM


Innate Abilities, Weirdness & Mutations

A meltable icy envelope protects you from harm. (AC +8)
You are powered by pain.
You sometimes lose the ability to read scrolls when taking damage.
You cannot be stealthy.
You cannot study or use magical devices.
You are hated by all.
You cannot train Armour skill.
Your movements are less encumbered by armour. (ER -4)
A meltable shield of frost defends you. (SH +4)
You punish those that try to bend your will. (Will+)
Your touch may irresistibly damage your foes and sap their willpower.
You are clumsy. (Dex -2)
Your muscles are strong. (Str +2)


Message History

You feel sick.
You feel sick.
You feel sick.
You are no longer poisoned.
The +2 halberd of venom hits you from afar!
You are poisoned.
You feel very sick.
You feel very sick.
You radiate an aura of cold.
The +2 halberd of venom is unaffected.
The fire elemental seems to slow down.
You can read scrolls again.
You feel very sick.
The +2 halberd of venom hits you but does no damage.
You feel sick.
You feel sick.
The +2 halberd of venom hits you from afar!
* * * LOW HITPOINT WARNING * * *
You are more poisoned.
You feel very sick.
You feel sick.
You see here a +0 rapier of venom.
You feel sick.
The +2 halberd of venom hits you from afar.
* * * LOW HITPOINT WARNING * * *
You are more poisoned.
Things that are here:
a +5 flail of holy wrath; a +1 scimitar of freezing; a +3 vorpal long sword You feel very sick.
There is an open door, spattered with blood here.
You feel very sick.
The fire elemental is no longer moving slowly.
There is a staircase back to the Mines here.
You feel very sick.
The +2 halberd of venom hits you from afar!!
* * * LOW HITPOINT WARNING * * *
You focus on the pain.
You feel agile all of a sudden.
You are more poisoned.
The +2 halberd of venom hits you from afar.
You die...

####.####.# #.°#
#.^.....#.# #.○#
#.......#.# #.☼#
#...)...#/####.E#
....8..)........#
#...).))#......)#
#.......#.#####(#
#...)...#..####'##
####.####.=.....@##
..................#
###.####..........#
#.#####.........#
###.....+.........#
........+........##
....#####.......##
##### ##.....##
##...##


You could see a fire elemental and a +2 halberd of venom.

Vanquished Creatures
  Boris (Vaults:4)
  Margery (Vaults:2)
  Rupert (D:13)
  Jorgrun (Elf:1)
  A lich (Vaults:1)
  Asterion (Vaults:1)
  A sphinx (Vaults:4)
  Kirke (Swamp:1)
  Gastronok (Orc:1)
  2 thorn hunters
  2 azure jellies (IceCv)
  A fenstrider witch (Swamp:4)
  7 vault wardens
  3 ghost moths (Spider:4)
  A ghoul (Vaults:2)
  4 emperor scorpions
  A curse skull (Vaults:2)
  2 orc warlords
  A stone giant (Vaults:1)
  A war gargoyle (Vaults:3)
  5 quicksilver oozes (IceCv)
  10 ironbound preservers
  7 very ugly things
  Nessos (Lair:4)
  Azrael (D:13)
  2 spark wasps (Spider:4)
  A minotaur (Gauntlet)
  8 dire elephants
  Snorg (D:10)
  3 bunyips
  A deep elf death mage (Vaults:1)
  A jiangshi (Vaults:2)
  4 eleionomae
  3 fire dragons
  An eidolon (Vaults:2)
  A crystal guardian (Vaults:3)
  Josephine (D:13)
  10 ironbound thunderhulks
  20 hydras
  3 yaktaur captains
  2 great orbs of eyes
  A shambling mangrove (Swamp:4)
  Erolcha (D:10)
  Fannar (Lair:3)
  2 catoblepae
  3 boulder beetles
  9 vault guards
  4 ghost crabs
  An ogre mage (Vaults:1)
  A spriggan air mage (Swamp:3)
  3 peacekeepers (Vaults:3)
  12 centaur warriors
  A death knight (D:15)
  Erica (Lair:2)
  6 dancing weapons
  5 two-headed ogres
  10 ironbound frosthearts
  12 alligators
  3 thrashing horrors (Lair:6)
  A tengu warrior (D:9)
  A spriggan berserker (Swamp:3)
  Urug (Orc:1)
  4 orc high priests
  7 hell knights (Vaults:2)
  2 deep elf knights (Elf:1)
  A large abomination (Lair:6)
  6 swamp dragons
  3 goliath frogs
  2 bog bodies (Swamp:4)
  A storm dragon skeleton (Vaults:4)
  5 spriggan druids
  A death drake (Swamp:4)
  33 deep trolls
  2 orange crystal statues (IceCv)
  6 deep elf archers (Elf:1)
  11 wizards
  A glowing orange brain (Gauntlet)
  12 lindwurms
  14 orc knights
  9 harpies
  16 ironbound convokers
  8 deep elf pyromancers
  2 phantasmal warriors (D:14)
  6 deep elf zephyrmancers (Elf:1)
  8 orb spiders
  A necromancer (Vaults:4)
  4 orc sorcerers
  25 ugly things
  21 wolf spiders
  3 will-o-the-wisps
  A tengu skeleton (Vaults:4)
  5 cyclopes
  A frost giant zombie (Vaults:4)
  10 elephants
  3 black mambas
  A guardian serpent (D:14)
  4 torpor snails
  A smoke demon (Lair:6)
  15 vault sentinels
  9 cane toads
  A minotaur zombie (Gauntlet)
  A storm dragon simulacrum (Vaults:4)
  A water nymph (shapeshifter) (Vaults:1)
  7 rime drakes
  13 yaktaurs
  4 entropy weaver simulacra (IceCv)
  6 komodo dragons
  A kobold demonologist (D:5)
  2 freezing wraiths
  8 demonic crawlers
  2 ancient zymes (Lair:6)
  2 very ugly thing simulacra (IceCv)
  10 meliai
  A queen bee (D:13)
  12 trolls
  41 jumping spiders
  21 hornets
  A polar bear (shapeshifter) (Lair:6)
  6 tyrant leeches
  A wolf spider simulacrum (D:13)
  3 polar bears
  60 slime creatures
  17 blink frogs
  A dream sheep (shapeshifter) (Vaults:1)
  2 air elementals (Elf:1)
  A centaur simulacrum (D:15)
  76 redbacks
  9 spriggans
  3 ynoxinuls (Lair:6)
  31 tarantellas
  A vampire (D:13)
  A spriggan (shapeshifter) (D:15)
  2 water elementals
  3 wyverns
  5 wraiths
  2 shadows
  46 yaks
  13 fire elementals
  5 hogs (Swamp:1)
  A steam dragon (D:6)
  6 basilisks
  A warg (Orc:1)
  24 vampire mosquitoes
  10 swamp worms
  An acid dragon (D:11)
  A demonic crawler simulacrum (IceCv)
  5 hell hounds (D:13)
  12 water moccasins
  5 swamp drakes
  2 ugly thing simulacra (IceCv)
  4 black bears
  32 orc warriors
  3 boggarts (Vaults:3)
  7 ogres
  10 wolves
  21 centaurs
  A phantom (D:7)
  4 kobold brigands
  An elf simulacrum (Vaults:4)
  14 bullfrogs
  7 scorpions
  A gnoll sergeant (D:7)
  A wyvern skeleton (D:7)
  10 small abominations
  33 killer bees
  12 wights
  A howler monkey (D:8)
  An electric eel (Spider:1)
  A bullfrog zombie (D:7)
  6 centaur zombies
  3 hounds
  5 jellies
  2 bullfrog skeletons
  18 orc priests
  3 iguanas (D:13)
  16 orc wizards
  A scorpion zombie (D:5)
  8 hell rats
  A mummy (Ossuary)
  3 howler monkey zombies
  9 adders
  9 gnolls
  2 howler monkey skeletons (D:6)
  12 river rats
  2 shadow imps
  A white imp (Vaults:1)
  A worm (D:2)
  2 dart slugs
  70 orcs
  3 spectral bats (Ossuary)
  13 endoplasms
  8 giant cockroaches
  12 gnoll zombies (Ossuary)
  12 goblins
  4 hobgoblins
  5 quokkas
  7 ball pythons
  6 bats
  3 bat simulacra (Ossuary)
  9 frilled lizards
  2 goblin simulacra (Ossuary)
  3 goblin zombies (Ossuary)
  5 hobgoblin zombies (Ossuary)
  23 kobolds
  3 kobold simulacra (Ossuary)
  3 kobold zombies (Ossuary)
  7 orc zombies (Ossuary)
  24 rats
  3 rat simulacra (Ossuary)
  2 spectral goblins (Ossuary)
  2 spectral kobolds (Ossuary)
  3 spectral rats (Ossuary)
1453 creatures vanquished.

Vanquished Creatures (collateral kills)
  A wyvern (D:7)
  An iguana (D:7)
2 creatures vanquished.

Vanquished Creatures (others)
  A ghost moth (Spider:4)
  An ironbound preserver (Vaults:4)
  An entropy weaver (Spider:2)
  A hydra (D:14)
  A dancing weapon (Elf:1)
  A wretched star (Gauntlet)
  A deep troll (Vaults:4)
  An ironbound convoker (Vaults:2)
  A harpy (Vaults:2)
  A deep elf zephyrmancer (Elf:1)
  An ugly thing (D:14)
  A cane toad (Lair:6)
  A bloated husk (Swamp:3)
  A polar bear (shapeshifter) (Lair:6)
  2 slime creatures
  A water elemental (Elf:1)
  A swamp drake (Swamp:4)
  An ugly thing simulacrum (IceCv)
  A kobold (D:9)
  A briar patch (Swamp:1)
  210 foxfires
  21 fungi
  32 plants
  5 withered plants (Gauntlet)
289 creatures vanquished.

Grand Total: 1744 creatures vanquished

Notes
Turn   | Place    | Note
-------+----------+-------------------------------------------
     0 | D:1      | kipponium the Demonspawn Cinder Acolyte began the quest for
                  | the Orb.
     0 | D:1      | Reached XP level 1. HP: 18/18 MP: 2/2
   713 | D:1      | Gained mutation: A meltable shield of frost defends you.
                  | (SH +4) [demonic ancestry]
   713 | D:1      | Reached XP level 2. HP: 14/24 MP: 3/3
   719 | D:1      | Learned a level 2 spell: Scorch
  1635 | D:1      | Gained mutation: Your touch may inflict minor irresistible
                  | damage on your foes. [demonic ancestry]
  1635 | D:1      | Reached XP level 3. HP: 29/29 MP: 1/4
  2474 | D:2      | Gained mutation: You sometimes gain a little power by
                  | taking damage. [demonic ancestry]
  2474 | D:2      | Reached XP level 4. HP: 35/35 MP: 0/5
  2532 | D:2      | Found a faded altar of an unknown god.
  3957 | D:3      | Reached skill level 5 in Fire Magic
  4144 | D:4      | Found Wouclafy's Assorted Antiques.
  4150 | D:3      | Reached XP level 5. HP: 21/41 MP: 3/6
  4302 | D:4      | Found Rargh's Distillery.
  4310 | D:4      | Bought a potion of degeneration for 10 gold pieces
  4310 | D:4      | Bought a potion of heal wounds for 50 gold pieces
  4324 | D:4      | Reached skill level 1 in Short Blades
  4341 | D:4      | Found a burning altar of Makhleb.
  4352 | D:4      | Reached skill level 1 in Shields
  4379 | D:4      | Found Jacayfet's Assorted Antiques.
  4383 | D:4      | Found a sand-covered staircase.
  4387 | Ossuary  | Entered an ossuary
  5508 | D:4      | Found Dedurerr's General Store.
  5682 | D:4      | Found Waqua's Magic Scroll Shoppe.
  5733 | D:4      | Found a sparkling altar of Nemelex Xobeh.
  5842 | D:4      | Noticed a yak
  5970 | D:4      | Found a sacrificial altar of Ru.
  5992 | D:4      | Found a staircase to the Ecumenical Temple.
  6037 | D:4      | Noticed an orc warrior
  6046 | D:4      | Killed an orc warrior
  6047 | D:4      | Gained mutation: Your movements are slightly less
                  | encumbered by armour. (ER -2) [demonic ancestry]
  6047 | D:4      | Reached XP level 6. HP: 47/47 MP: 4/7
  6612 | D:5      | Entered Level 5 of the Dungeon
  6692 | D:5      | Found a runed translucent gate.
  6695 | D:5      | Found a runed translucent gate.
  6696 | D:5      | Found a runed translucent gate.
  6698 | D:5      | Noticed Drakonairon's ghost (amateur DsGl)
  6702 | D:5      | Noticed a hornet
  6718 | D:5      | Killed a hornet
  6719 | D:5      | Gained mutation: Your touch may inflict irresistible damage
                  | on your foes. [demonic ancestry]
  6719 | D:5      | Reached XP level 7. HP: 35/52 MP: 5/8
  6993 | D:5      | Found Selop's Book Shop.
  6995 | D:5      | Noticed a kobold demonologist
  6999 | D:5      | Killed a kobold demonologist
  7042 | D:5      | Found Likolulo's Magic Scroll Boutique.
  7052 | D:5      | Bought a scroll of blinking for 82 gold pieces
  7067 | D:5      | Found Jiuh's General Store.
  7118 | D:5      | Reached XP level 8. HP: 58/58 MP: 4/9
  7891 | D:5      | Found Miyzoun's Assorted Antiques.
  8964 | D:6      | Found a hazy altar of Hepliaklqana.
  9070 | D:6      | Found a bloodstained altar of Trog.
  9333 | D:6      | Reached XP level 9. HP: 55/63 MP: 0/10
 10253 | D:7      | Reached skill level 10 in Fire Magic
 10256 | D:7      | Reached skill level 5 in Short Blades
 10296 | D:7      | Identified a scroll of acquirement
 10296 | D:7      | Acquired a +8 quick blade
 10504 | D:7      | Found a flagged portal.
 10589 | Bailey   | Entered a bailey
 11952 | Bailey   | Noticed an orc knight
 11995 | Bailey   | Killed an orc knight
 11998 | Bailey   | Gained mutation: Your touch may irresistibly damage your
                  | foes and sap their willpower. [demonic ancestry]
 11998 | Bailey   | Reached XP level 10. HP: 47/70 MP: 3/17
 12104 | Bailey   | Reached skill level 5 in Spellcasting
 12389 | Bailey   | Reached skill level 7 in Fighting
 12389 | Bailey   | Gained mutation: You sometimes gain power by taking damage.
                  | [demonic ancestry]
 12389 | Bailey   | Reached XP level 11. HP: 86/86 MP: 17/23
 13005 | D:7      | Reached skill level 1 in Unarmed Combat
 13333 | D:7      | Found a hide-covered altar of Uskayaw.
 13675 | D:8      | You fall into a shaft and drop 2 floors!
 13675 | D:10     | Entered Level 10 of the Dungeon
 13869 | D:10     | Noticed Snorg
 13890 | D:10     | Killed Snorg
 13891 | D:10     | Reached skill level 1 in Dodging
 14109 | D:10     | Noticed Erolcha
 14123 | D:10     | Killed Erolcha
 14124 | D:10     | Reached skill level 8 in Fighting
 14372 | D:10     | Found an ancient bone altar of Kikubaaqudgha.
 14385 | D:10     | Found a snail-covered altar of Cheibriados.
 14517 | D:10     | Noticed a two-headed ogre
 14534 | D:10     | Killed a two-headed ogre
 14675 | D:10     | Found a staircase to the Orcish Mines.
 15092 | D:9      | Noticed a centaur warrior
 15098 | D:9      | Noticed a tengu warrior
 15098 | D:9      | HP: 1/87 [centaur warrior/arrow (15)]
 15127 | D:9      | HP: 3/87 [troll (5)]
 15347 | D:8      | Learned a level 4 spell: Sticky Flame
 15987 | Temple   | Entered the Ecumenical Temple
 16250 | D:4      | Fell from the grace of Ignis
 16250 | D:4      | Became a worshipper of Ru the Awakened
 16533 | D:9      | Noticed a two-headed ogre
 16714 | D:9      | Noticed a deep elf pyromancer
 16856 | D:9      | Identified the +4 rapier "Isiollo" {vorpal, Fragile Str+3
                  | Dex+8}
 16915 | D:9      | Killed a tengu warrior
 17011 | D:9      | You are sucked into a shaft and drop 1 floor!
 17474 | D:10     | You are sucked into a shaft and drop 3 floors!
 17474 | D:13     | Noticed a five-headed hydra
 17563 | D:12     | Noticed a seven-headed hydra
 17590 | D:12     | Gained mutation: Your movements are less encumbered by
                  | armour. (ER -4) [demonic ancestry]
 17590 | D:12     | Reached XP level 12. HP: 94/94 MP: 14/24
 17794 | D:12     | Reached skill level 9 in Fighting
 17794 | D:12     | Reached skill level 5 in Dodging
 17822 | D:12     | Reached skill level 1 in Conjurations
 17930 | D:11     | Gained mutation: You cannot study or use magical devices.
                  | [Ru sacrifice]
 17930 | D:11     | Reached * piety under Ru
 17930 | D:11     | Reached ** piety under Ru
 18076 | D:11     | Found a gate leading to a gauntlet.
 18216 | Gauntlet | Entered a Gauntlet
 18216 | Gauntlet | Found a transporter.
 18216 | Gauntlet | Found a transporter.
 18226 | Gauntlet | Found a transporter.
 18228 | Gauntlet | Found a large runed translucent door.
 18229 | Gauntlet | Found a large runed translucent door.
 18230 | Gauntlet | Found a large runed translucent door.
 18230 | Gauntlet | Found a large runed translucent door.
 18230 | Gauntlet | Found a runed translucent door.
 18230 | Gauntlet | Found a runed translucent door.
 18231 | Gauntlet | Found a large runed translucent door.
 18232 | Gauntlet | Found a large runed translucent door.
 18233 | Gauntlet | Found a large runed translucent door.
 18233 | Gauntlet | Found a large runed translucent door.
 18234 | Gauntlet | Found a runed translucent gate.
 18234 | Gauntlet | Found a runed translucent gate.
 18234 | Gauntlet | Found a runed translucent gate.
 18236 | Gauntlet | Found a transporter.
 18245 | Gauntlet | Found a large runed translucent door.
 18245 | Gauntlet | Found a large runed translucent door.
 18246 | Gauntlet | Found a large runed translucent door.
 18247 | Gauntlet | Found a large runed translucent door.
 18251 | Gauntlet | Found a transporter.
 18261 | Gauntlet | Found a transporter.
 18276 | Gauntlet | Found a transporter.
 18283 | Gauntlet | Found a transporter.
 18305 | Gauntlet | Found a transporter.
 18306 | Gauntlet | Found a transporter.
 18308 | Gauntlet | Found a transporter.
 18318 | Gauntlet | Found a large runed translucent door.
 18319 | Gauntlet | Found a large runed translucent door.
 18320 | Gauntlet | Found a large runed translucent door.
 18320 | Gauntlet | Found a large runed translucent door.
 18343 | Gauntlet | Found a transporter.
 20273 | Gauntlet | Reached skill level 5 in Unarmed Combat
 20295 | Gauntlet | Was forgiven by Ignis
 20512 | Gauntlet | Identified the amulet "Fexauning" {Acrobat rElec Str+3
                  | Stlth+}
 20512 | Gauntlet | Noticed a minotaur
 20530 | Gauntlet | Killed a minotaur
 21816 | D:12     | Reached skill level 10 in Fighting
 22019 | D:12     | Noticed a seven-headed hydra
 22023 | D:12     | Killed a seven-headed hydra
 22036 | D:12     | Killed a seven-headed hydra
 22608 | D:13     | Noticed Azrael
 22608 | D:13     | Noticed a fire dragon
 22770 | D:9      | Found a staircase to the Lair.
 23074 | D:9      | Killed a centaur warrior
 23261 | D:9      | Found a shimmering altar of Xom.
 23276 | D:9      | Noticed a two-headed ogre
 23283 | D:9      | Killed a two-headed ogre
 23715 | D:9      | Reached XP level 13. HP: 103/104 MP: 14/25
 24238 | Orc:1    | Entered Level 1 of the Orcish Mines
 24238 | Orc:1    | Found Litauh's Gadget Gallery.
 24712 | Orc:2    | Entered Level 2 of the Orcish Mines
 25128 | Orc:2    | Found a staircase to the Elven Halls.
 25280 | Orc:1    | Noticed Urug
 25356 | Orc:1    | Killed Urug
 25433 | Orc:1    | Found Kemorph's Antique Weapon Shoppe.
 25988 | Orc:1    | Noticed Gastronok
 26140 | Orc:1    | Killed Gastronok
 26818 | Orc:2    | Reached skill level 5 in Conjurations
 27246 | Orc:2    | Found Muxer's General Store.
 27246 | Orc:2    | Found Onatin's Antique Armour Shop.
 27250 | Orc:2    | Found Weopoprira's Book Emporium.
 27250 | Orc:2    | Found Yleinli's Distillery.
 27276 | Orc:2    | Bought a scroll of magic mapping for 42 gold pieces
 27286 | Orc:2    | Bought a scorched ring mail for 297 gold pieces
 27286 | Orc:2    | Identified the +5 ring mail "Tegeny" {rElec Str+5 Dex-2
                  | SInv} (You bought it in a shop on level 2 of the Orcish
                  | Mines)
 27408 | Lair:1   | Entered Level 1 of the Lair of Beasts
 28325 | Lair:2   | Noticed Erica
 28579 | Lair:2   | Reached skill level 10 in Dodging
 28586 | Lair:2   | Killed Erica
 28806 | Lair:2   | Found a transporter.
 28907 | Lair:2   | Noticed Ythih's ghost (journeyman DECj)
 28974 | Lair:2   | Found a transporter.
 29014 | Lair:2   | Identified the +0 leather armour "Qooker" {rCorr}
 29277 | Lair:2   | Found a hole to the Spider Nest.
 29886 | Lair:3   | Gained mutation: You cannot be stealthy. [Ru sacrifice]
 29886 | Lair:3   | Reached *** piety under Ru
 30011 | Lair:3   | Identified the +9 long sword of the Hidden Vale {spect,
                  | rPois}
 30330 | Lair:3   | Found the +4 skin of Zhor {*Englaciate rC+++ SInv}
 30370 | Lair:3   | Reached XP level 14. HP: 109/111 MP: 7/26
 30605 | Lair:3   | Noticed Fannar
 30613 | Lair:3   | Killed Fannar
 30934 | Lair:3   | Found a staircase to the Swamp.
 31320 | Lair:4   | Reached skill level 10 in Unarmed Combat
 31616 | Lair:4   | Noticed Nessos
 31644 | Lair:4   | Killed Nessos
 32396 | Lair:5   | Gained mutation: You are hated by all. [Ru sacrifice]
 32396 | Lair:5   | Reached **** piety under Ru
 33178 | Lair:5   | Reached skill level 1 in Hexes
 33469 | Lair:5   | Identified the +7 rapier of Xeacyh {vorpal, rElec rN+ MP+9}
 33602 | Lair:5   | Found a staircase to the Slime Pits.
 33623 | Lair:5   | Learned a level 3 spell: Confusing Touch
 33872 | Lair:6   | Entered Level 6 of the Lair of Beasts
 33906 | Lair:6   | Reached skill level 11 in Fighting
 34056 | Lair:6   | Acquired 715 gold pieces
 34638 | Lair:6   | Gained mutation: You sometimes lose the ability to read
                  | scrolls when taking damage. [Ru sacrifice]
 34638 | Lair:6   | Reached ***** piety under Ru
 35145 | Lair:6   | Reached skill level 12 in Fighting
 35283 | Lair:6   | Found a corrupted altar of Lugonu.
 35283 | Lair:6   | Found a one-way gate to the infinite horrors of the Abyss.
 35305 | Lair:6   | Got the Disquisition on Enthralling Transformation
 35837 | Lair:6   | Reached skill level 1 in Poison Magic
 36349 | Lair:6   | Found a hide-covered altar of Uskayaw.
 36594 | Spider:1 | Entered Level 1 of the Spider Nest
 36664 | Spider:1 | Reached skill level 5 in Hexes
 36664 | Spider:1 | Gained mutation: You are powered by pain. [demonic
                  | ancestry]
 36664 | Spider:1 | Reached XP level 15. HP: 37/122 MP: 1/27
 36858 | Lair:2   | Learned a level 4 spell: Olgreb's Toxic Radiance
 36862 | Lair:2   | Learned a level 3 spell: Ignite Poison
 36940 | Spider:1 | Reached skill level 13 in Fighting
 37800 | Spider:1 | Gained mutation: You cannot train Armour skill. [Ru
                  | sacrifice]
 37800 | Spider:1 | Reached ****** piety under Ru
 38730 | Spider:2 | Reached skill level 5 in Poison Magic
 39413 | D:5      | Bought a manual of Poison Magic for 800 gold pieces
 39415 | D:5      | Bought a book of Spatial Translocations for 260 gold pieces
 39420 | D:5      | Learned a level 2 spell: Blink
 40516 | Spider:3 | Reached skill level 10 in Poison Magic
 40857 | Spider:3 | Found a runed translucent gate.
 40858 | Spider:3 | Found a runed translucent gate.
 40858 | Spider:3 | Found a runed translucent gate.
 40859 | Spider:3 | Noticed Buesefypo's ghost (adept VSAM)
 41223 | Spider:4 | Entered Level 4 of the Spider Nest
 41703 | Spider:4 | Identified the ring "Guxyhemi" {rF+ rC- Dex+7}
 42094 | Spider:4 | Noticed a ghost moth
 42105 | Spider:4 | Killed a ghost moth
 42283 | Spider:4 | Reached XP level 16. HP: 132/132 MP: 26/28
 42682 | Spider:4 | Reached skill level 15 in Poison Magic
 42705 | Spider:4 | Reached skill level 14 in Fighting
 43275 | Spider:4 | Got a gossamer rune of Zot
 43587 | Swamp:1  | Entered Level 1 of the Swamp
 43773 | Swamp:1  | Noticed Kirke
 43789 | Swamp:1  | Killed Kirke
 44066 | Swamp:1  | Noticed a thorn hunter
 44081 | Swamp:1  | Killed a thorn hunter
 46587 | Swamp:4  | Entered Level 4 of the Swamp
 47083 | Swamp:4  | Gained mutation: You punish those that try to bend your
                  | will. (Will+) [demonic ancestry]
 47083 | Swamp:4  | Reached XP level 17. HP: 106/140 MP: 21/29
 48188 | Swamp:4  | Got a decaying rune of Zot
 48881 | D:13     | Killed Azrael
 48897 | D:13     | Reached skill level 1 in Translocations
 49018 | D:13     | Reached skill level 1 in Transmutations
 49318 | D:13     | Learned a level 6 spell: Eringya's Noxious Bog
 49684 | D:13     | Noticed Josephine
 49697 | D:13     | Killed Josephine
 49867 | D:13     | Noticed Rupert
 49893 | D:13     | Killed Rupert
 50128 | D:13     | Reached skill level 15 in Fighting
 50880 | D:14     | Found a frozen archway.
 50890 | IceCv    | Entered an ice cave
 52295 | IceCv    | Identified the amulet "Lieceut" {RegenMP +Inv Int+3 Slay-2}
 52301 | IceCv    | Got the ring "Coerun" {rF+ rC+ Will+}
 53501 | D:14     | Found a gate to the Vaults.
 53951 | D:14     | Found the +3 pair of seven-league boots {Rampage+∞}
 53958 | D:14     | Reached XP level 18. HP: 149/149 MP: 21/30
 54047 | D:15     | Entered Level 15 of the Dungeon
 54060 | D:15     | Identified the +4 leather armour "Tirho" {rF+ Regen+
                  | Slay-4}
 54712 | D:15     | Found a staircase to the Depths.
 55079 | D:15     | Upgraded the game from 0.28-a0-631-g0446da8ef9 to
                  | 0.28-a0-643-g84cb2ea78e
 55140 | Vaults:1 | Entered Level 1 of the Vaults
 55140 | Vaults:1 | Found Subih's Book Shop.
 55415 | Vaults:1 | Reached skill level 5 in Translocations
 55415 | Vaults:1 | Reached skill level 5 in Transmutations
 55578 | Vaults:1 | Upgraded the game from 0.28-a0-643-g84cb2ea78e to
                  | 0.28-a0-655-g4eb62b627b
 55772 | Vaults:1 | Noticed Asterion
 55782 | Vaults:1 | Gained mutation: You are clumsy. (Dex -2) [a cacodemon]
 55786 | Vaults:1 | Gained mutation: Your muscles are strong. (Str +2) [a
                  | cacodemon]
 55789 | Vaults:1 | Killed Asterion
 56464 | Vaults:1 | Noticed a lich
 56474 | Vaults:1 | Killed a lich
 56917 | Vaults:1 | Identified the +5 broad axe "Olan" {elec, Str+4 Int-5}
 57660 | Vaults:2 | Reached skill level 10 in Transmutations
 57818 | Vaults:2 | Noticed Margery
 57828 | Vaults:2 | Killed Margery
 57970 | Vaults:2 | Reached skill level 16 in Fighting
 58187 | Vaults:2 | Found Guibreq's Jewellery Shoppe.
 58292 | Vaults:2 | Gained mutation: A meltable icy envelope protects you from
                  | harm. (AC +8) [demonic ancestry]
 58292 | Vaults:2 | Reached XP level 19. HP: 125/140 MP: 12/31
 58556 | Vaults:2 | Found Ocvogo's Antique Weapon Boutique.
 59024 | Vaults:2 | Found a staircase to the Crypt.
 59214 | Vaults:2 | Found Livvad's Jewellery Boutique.
 60003 | Vaults:3 | Acquired 423 gold pieces
 60371 | Vaults:3 | Found the +6 Majin-Bo {vamp, MP+6 Int+6}
 60819 | Vaults:3 | Reached skill level 10 in Spellcasting
 61010 | Vaults:3 | Reached skill level 17 in Fighting
 61770 | Vaults:4 | Found Fomeesizo's Distillery.
 61804 | Vaults:4 | Bought a potion of haste for 180 gold pieces
 63177 | Vaults:4 | Noticed Boris
 63203 | Vaults:4 | Killed Boris
 63204 | Vaults:4 | Gained mutation: A meltable icy envelope protects you from
                  | harm. (AC +8) [demonic ancestry]
 63204 | Vaults:4 | Reached XP level 20. HP: 140/169 MP: 29/34
 63316 | Vaults:4 | Identified the +2 arbalest of Vengeance {venom, rElec
                  | Dex+2}
 64291 | Elf:1    | Entered Level 1 of the Elven Halls
 64602 | Vaults:2 | Bought the ring of Sin {rElec rC+ rCorr} for 892 gold
                  | pieces
 65099 | Elf:1    | Noticed Jorgrun
 65105 | Elf:1    | Killed Jorgrun
 65245 | Elf:1    | Paralysed by an air elemental for 1 turns
 65260 | Elf:1    | Found Cacs's Antique Weapon Shoppe.
 65369 | Elf:1    | Found Kol Naas's General Store.
 65443 | Elf:1    | Reached skill level 15 in Fire Magic
 65538 | Elf:1    | Found Zuebbain's Weapon Boutique.
 65617 | Elf:1    | Found Caped's Armour Shoppe.
 65819 | Elf:1    | HP: 2/170 [+2 halberd of venom (20)]
 65819 | Elf:1    | Slain by a +2 halberd of venom

Illustrated notes

Levels and vault maps discovered:
D:1:      matt_arrival_refuge, layout_loops_ring
D:2:      minmay_door_path, layout_basic, hellmonk_ecumenical_altar_arch_garden,
          minmay_tromino_v4_b
D:3:      layout_basic
D:4:      layout_cave_pods, lemuel_tele_altar, makhleb_blood_cavern_becter,
          nemelex_xobeh_ov_fountains_minmay, minmay_temple_entry_hall,
          serial_shops, nicolae_shop_crystal, shop, nicolae_shop_waterfront,
          nicolae_shop_waterfront, nicolae_shop_window_shopping,
          nicolae_ossuary_entry_plus, serial_bayou_pond_d,
          lightli_corner_chamber
D:5:      layout_gridville, gammafunk_ghost_necromancy, serial_shops,
          nicolae_shop_waterfront, shop_fountains, nicolae_shop_behind_doors,
          nicolae_square_shop, minmay_misc_feat_four_crosses,
          hangedman_decor_growths
D:6:      layout_rooms, grunt_temple_overflow_open
D:7:      minmay_cornered_nines, layout_basic, kennysheep_mini_moat,
          enter_bailey_7, corexii_hall_statues_i
D:8:      layout_rooms, lemuel_doored_altar, minmay_misc_feat_five
D:9:      minmay_the_grid_3x3 [minmay_the_grid_doors, minmay_the_grid_embedded,
          minmay_the_grid_x, minmay_the_grid_paths, minmay_the_grid_fan,
          minmay_the_grid_slots, minmay_the_grid_medium_cups,
          minmay_the_grid_holed_spiral, minmay_the_grid_prize_inner_circle],
          layout_basic, amcnicky_altar_gilded, hangedman_decor_clover_reticule
D:10:     layout_stronghold, mainiacjoe_overflow_catwalk_spiral, orc_0_dummy,
          serial_co_window_serial, co_window_of_opportunity_a,
          co_window_corner_a, co_window_corner_a, co_window_of_opportunity_a,
          co_window_paths_a, co_window_of_opportunity_a, co_window_cross_2,
          co_window_corner_b, co_window_corner_b, co_window_4corner_a,
          co_window_paths_e, glass_columns_a, glass_columns_c, glass_columns_c,
          glass_columns_b, glass_columns_a, bh_walls_and_bars, uniq_snorg,
          uniq_erolcha
D:11:     layout_irregular_city, gauntlet_entry_generic
D:12:     layout_loops_ring, nicolae_tso_swordbearing_angel
D:13:     layout_roguey [special_room_bee], minmay_strange_pillars,
          roderic_serpentine_path, hangedman_parallel_progression,
          uniq_josephine, uniq_azrael, uniq_rupert
D:14:     layout_gridville, erik_vaults_1, portal_ice_cave_entry_pillars_three,
          roderic_roman_lattice, hellmonk_guarded_unrand_seven_league_boots
D:15:     grunt_enter_depths_hoard, layout_small_grid, serial_bayou_pond_b,
          chequers_serial_rivers_micro_a
Temple:   hc_temple_tempest_star
Lair:1:   layout_hall_layers, chequers_serial_rivers_marsh
Lair:2:   layout_chaotic_city, spider_nest_entry_webs, nzn_ghost_randoct,
          beast_lair_carwin_3, uniq_erica
Lair:3:   layout_regular_city, swamp_mist, hellmonk_guarded_unrand_zhor,
          grunt_megastairs_5, uniq_fannar
Lair:4:   layout_small_grid, uniq_nessos
Lair:5:   layout_regular_city, slime_altar_1, chequers_serial_rivers_micro_a,
          kennysheep_abandoned_house
Lair:6:   hellmonk_lair_end_abyssal_woods, layout_regular_city, basic_altar
Swamp:1:  layout_falls_marsh, hangedman_swamp_diagram, uniq_kirke
Swamp:2:  layout_basic_swamp, hangedman_swamp_ruin_wall,
          infiniplex_staircase_pool
Swamp:3:  layout_basic_swamp, evilmike_swamp_ruin_rubble_2, swamp_pool4
Swamp:4:  swamp_alternative, layout_basic_swamp
Spider:1: layout_spider_delve
Spider:2: layout_spider_delve
Spider:3: layout_spider_delve, ebering_ghost_rock_garden
Spider:4: spider_rune_water
Orc:1:    nicolae_orc_accident_2, layout_caves, serial_shops,
          nicolae_shop_trees, nicolae_shop_gadgets, uniq_urug, uniq_gastronok
Orc:2:    grunt_orc_tribal_feast, layout_caves
Elf:1:    layout_gridlike, ebering_ghost_xom, serial_shops, shop, shop,
          nicolae_shop_trees, nicolae_diamond_shop, shop, minivault_28,
          uniq_jorgrun
Vaults:1: nicolae_vaults_shelves_hall, ontoclasm_vaults_loading_screen,
          grunt_vaults_funneled_arena, nicolae_vaults_network_s,
          nicolae_vaults_triangles, dpeg_vaults_monster_box,
          ontoclasm_vaults_misaligned, v_misc_8, v_misc_27, vaults_mumra_lcd,
          nicolae_vaults_alarming, hangedman_vaults_stagger, serial_ice_b,
          layout_vaults_maze_snakey, serial_shops, shop, uniq_asterion
Vaults:2: v_misc_23, minmay_crypt_entry_simple_statues, v_misc_30, v_misc_18,
          v_pattern_1, v_misc_26, hangedman_vaults_maws,
          nicolae_vaults_diagonal_hallway_9, ontoclasm_vaults_twist,
          nicolae_vaults_network_star, vaults_dpeg_ring,
          layout_vaults_big_cross, serial_shops, nicolae_shop_trees, shop,
          nicolae_diamond_shop, uniq_margery
Vaults:3: vaults_room_boxed, vaults_room_grunt_arrival_checkpoint,
          nicolae_vaults_mini_display_case, nicolae_vaults_network_barrier,
          nicolae_vaults_little_squares_2, v_misc_17,
          nicolae_vaults_angled_halls, layout_vaults_big_room
Vaults:4: vaults_room_octagon, vaults_mumra_hex, vaults_dpeg_diagonal,
          nicolae_vaults_yaktaur_gun_rack, v_misc_23, nicolae_vaults_theta,
          v_misc_18, nicolae_vaults_little_ls, v_misc_19, vaults_room_pool,
          hangedman_vaults_trim, grunt_vaults_twisty, layout_vaults_ring,
          serial_shops, nicolae_shop_trees, uniq_boris

Skill      XL: |  1  2  3  4  5  6  7  8  9 10 11 12 13 14 15 16 17 18 19 20 |
---------------+-------------------------------------------------------------+-----
Fire Magic     | 3 4 5 6 7 9 10 12 13 14 15 | 15.0
Short Blades   | 2 3 4 6 7 |  7.7
Shields        | 1 2 4 |  4.0
Spellcasting   | 4 8 10 | 10.0
Fighting       | 7 8 10 12 13 14 15 16 17 | 17.9
Unarmed Combat | 4 6 9 11 | 11.0
Dodging        | 4 7 10 12 13 14 | 14.6
Conjurations   | 3 5 |  5.0
Hexes          | 5 |  5.0
Poison Magic   | 1 13 15 | 15.1
Translocations | 3 5 |  5.0
Transmutations | 3 10 | 10.0
Long Blades    | |  2.6
Bows           | |  0.3
Throwing       | |  0.1
Necromancy     | |  0.1
Ice Magic      | |  0.1
Invocations    | |  0.6

Action                   |  1- 3 |  4- 6 |  7- 9 | 10-12 | 13-15 | 16-18 | 19-21 || total
-------------------------+-------+-------+-------+-------+-------+-------+-------++-------
Melee: Falchion          |    64 |       |       |       |       |       |       ||    64
       Dagger            |    21 |   191 |   110 |       |       |       |       ||   322
       Touch             |     2 |    30 |     2 |       |   162 |   260 |   157 ||   613
       Quick blade       |       |       |     4 |   292 |  1115 |  1232 |   593 ||  3236
       Punch             |       |       |       |       |    55 |    79 |    48 ||   182
       Unarmed           |       |       |       |       |    21 |       |       ||    21
Throw: Throwing net      |       |       |       |     1 |       |       |       ||     1
       Dart              |       |       |       |       |    61 |     9 |    18 ||    88
       Javelin           |       |       |       |       |       |     4 |     1 ||     5
 Cast: Scorch            |    26 |    63 |   139 |   339 |   560 |   405 |    98 ||  1630
       Sticky Flame      |       |       |       |    23 |   140 |   122 |    26 ||   311
       Confusing Touch   |       |       |       |       |    14 |    13 |       ||    27
       Olgreb's Toxic Ra |       |       |       |       |    11 |    87 |    67 ||   165
       Ignite Poison     |       |       |       |       |     9 |    73 |    61 ||   143
       Eringya's Noxious |       |       |       |       |       |     5 |     3 ||     8
       Blink             |       |       |       |       |       |     1 |     1 ||     2
Invok: Foxfire Swarm     |       |     2 |     8 |       |       |       |       ||    10
       Sea of Fire       |       |     1 |       |       |       |       |       ||     1
       Sacrifice Artific |       |       |       |     1 |       |       |       ||     1
       Reject Sacrifices |       |       |       |     1 |       |       |       ||     1
       Sacrifice Stealth |       |       |       |       |     1 |       |       ||     1
       Power Leap        |       |       |       |       |     1 |       |       ||     1
       Sacrifice Words   |       |       |       |       |     1 |       |       ||     1
       Sacrifice Love    |       |       |       |       |     1 |       |       ||     1
       Sacrifice Durabil |       |       |       |       |     1 |       |       ||     1
       Draw Out Power    |       |       |       |       |       |     3 |       ||     3
       Apocalypse        |       |       |       |       |       |     3 |     1 ||     4
Evoke: Wand              |       |       |       |     3 |       |       |       ||     3
  Use: Scroll            |       |     1 |    11 |    17 |     8 |     3 |     1 ||    41
       Potion            |       |       |     2 |     9 |     8 |     6 |     1 ||    26
 Stab: Sleeping          |       |       |     1 |       |     1 |       |       ||     2
       Invisible         |       |       |       |     1 |    12 |    13 |     2 ||    28
       Paralysed         |       |       |       |       |     6 |    11 |     2 ||    19
       Confused          |       |       |       |       |     9 |    14 |       ||    23
       Distracted        |       |       |       |       |     1 |     4 |       ||     5
Armor: Robe              |     8 |    19 |    21 |     6 |       |       |       ||    54
       Troll leather arm |       |       |       |    97 |    35 |       |       ||   132
       Animal skin       |       |       |       |       |   182 |   215 |    63 ||   460
Dodge: Dodged            |    53 |    58 |    58 |   218 |   692 |   611 |   212 ||  1902
       Repelled          |       |       |       |       |     1 |    16 |     9 ||    26
Block: Other             |     7 |    15 |     3 |       |    78 |   100 |    42 ||   245
       Buckler           |       |       |    48 |   147 |   136 |       |       ||   331

Table legend: (Time is in decaauts)
 A = Elapsed time spent in this place.
 B = Non-inter-level travel time spent in this place.
 C = Inter-level travel time spent in this place.
 D = Time resting spent in this place.
 E = Time spent auto-exploring this place.
 F = Levels seen in this place.
 G = Mean time per level.
                   A        B        C        D        E       F      G
               +--------+--------+--------+--------+--------+-----+--------+
         Total |  63570 |  59802 |   3768 |  26563 |  19998 |  41 | 1550.5 |
       Dungeon |  24247 |  22265 |   1982 |   9035 |   9142 |  15 | 1616.5 |
        Temple |    200 |    197 |      3 |      0 |      0 |   1 |  200.0 |
          Lair |   9588 |   8874 |    714 |   3339 |   3942 |   6 | 1598.0 |
         Swamp |   4654 |   4469 |    185 |   2228 |   1306 |   4 | 1163.5 |
   Spider Nest |   5749 |   5475 |    274 |   2283 |   1831 |   4 | 1437.2 |
  Orcish Mines |   3113 |   2998 |    115 |   1350 |    554 |   2 | 1556.5 |
   Elven Halls |    871 |    862 |      9 |    289 |    345 |   1 |  871.0 |
        Vaults |   8611 |   8127 |    484 |   3607 |   2766 |   4 | 2152.8 |
       Ossuary |   1041 |   1041 |      0 |    640 |     43 |   1 | 1041.0 |
        Bailey |   1802 |   1802 |      0 |   1122 |      0 |   1 | 1802.0 |
      Ice Cave |   1333 |   1333 |      0 |    824 |     16 |   1 | 1333.0 |
      Gauntlet |   2355 |   2355 |      0 |   1845 |     52 |   1 | 2355.0 |
               +--------+--------+--------+--------+--------+-----+--------+

Top non-repeatable levels by time:
Vaults:1: 2581 daAuts
  Lair:6: 2374 daAuts
Gauntlet: 2355 daAuts
     D:9: 2308 daAuts
     D:5: 2305 daAuts
    D:10: 2127 daAuts
    D:13: 2106 daAuts
Vaults:2: 2077 daAuts
Vaults:3: 2040 daAuts
Vaults:4: 1913 daAuts
     D:1: 1903 daAuts
Spider:4: 1900 daAuts
  Bailey: 1802 daAuts
    D:14: 1799 daAuts
   Orc:2: 1766 daAuts
